 Dungeon Crawl Stone Soup version 0.31.0-32-g396128a36d (webtiles) character file.

Game seed: 11804358316901022905

675 Peloso the Slasher (level 7, -5/61 HPs)
             Began as a Minotaur Fighter on Mar 27, 2024.
             Splashed by a jelly's acid (11 damage)
             ... on level 4 of the Dungeon.
             The game lasted 00:07:13 (3538 turns).

Peloso the Slasher (Minotaur Fighter)               Turns: 3538, Time: 00:07:13

Health: -5/61      AC: -2    Str: 17 (20) XL:     7   Next: 33%
Magic:  6/6        EV:  9    Int:  2 (5)  God:
Gold:   14         SH:  4    Dex:  9 (12) Spells: 6/6 levels left

rFire   . . .        a - +0 long sword
rCold   . . .        d - +0 buckler
rNeg    . . .        b - +0 scale mail
rPois   .            (helmet restricted)
rElec   .            (no cloak)
rCorr   .            r - +1 pair of gloves
SInv    .            t - +2 pair of boots
Will    .....        (no amulet) Stlth
                     (no ring)
HPRegen 0.30/turn    (no ring)
MPRegen 0.10/turn

%: no passive effects
@: corroded
A: horns 2, retaliatory headbutt
a: no special abilities


You were on level 4 of the Dungeon.
You visited 1 branch of the dungeon, and saw 5 of its levels.

You collected 102 gold pieces.
You spent 88 gold pieces at shops.

Inventory:

Hand Weapons
 a - a +0 long sword (weapon)
Missiles
 q - a throwing net (quivered)
Armour
 b - a +0 scale mail (worn)
 c - a +0 pair of gloves
 d - a +0 buckler (worn)
 r - a +1 pair of gloves (worn)
 t - a +2 pair of boots (worn)
Jewellery
 l - a ring of wizardry
 u - an amulet of reflection
Wands
 o - a wand of flame (9)
 s - a wand of iceblast (7)
Scrolls
 e - 2 scrolls of amnesia
 g - 2 scrolls of revelation
 j - a scroll of vulnerability {unknown}
 k - a scroll of noise {unknown}
 n - a scroll of immolation
 w - a scroll of enchant weapon
 x - a scroll of blinking {unknown}
Potions
 f - 3 potions of curing
 m - 3 potions of mutation


   Skills:
 + Level 5.4 Fighting
 + Level 6.5 Long Blades
 + Level 5.6 Armour
 + Level 2.3 Dodging
 + Level 4.9 Shields
 + Level 0.1 Evocations


You had 6 spell levels left.
You didn't know any spells.
Your spell library contained the following spells:

 Spells                   Type           Power      Damage    Failure   Level
 Kiss of Death            Conj/Necr      0%         2d5       95%         1
 Magic Dart               Conj           0%         1d3       95%         1
 Blink                    Tloc           0%         N/A       98%         2
 Call Imp                 Summ           0%         N/A       98%         2
 Lesser Beckoning         Tloc           0%         N/A       98%         2
 Mercury Vapours          Alch/Air       0%         N/A       98%         2
 Momentum Strike          Conj/Tloc      0%         3d8       98%         2
 Confusing Touch          Hex            0%         N/A       100%        3
 Mephitic Cloud           Conj/Alch/Air  0%         N/A       100%        3
 Dispel Undead            Necr           0%         3d6       100%        4
 Freezing Cloud           Conj/Ice/Air   0%         6-21      100%        5


Dungeon Overview and Level Annotations

Branches:
Dungeon (5/15)
 Temple: D:4-7

Altars:
Ashenzari
Makhleb
Uskayaw

Shops:
D:1 :!!=[


Innate Abilities, Weirdness & Mutations

You have a pair of horns on your head.
You reflexively headbutt those who attack you in melee.


Message History

The hound is moderately wounded.
The hound closely misses you. You block the jelly's attack.
The hound bites you.
Unknown command.
You completely miss the jelly. The hound bites you.
The jelly completely misses you. The hound bites you. The jelly hits you.
The acid corrodes you!
You are splashed with acid!
You slash the jelly! The acid corrodes you!
Your hands burn!
You headbutt the jelly, but do no damage.
The jelly is severely wounded.
The hound bites you but does no damage. The jelly hits you.
You are splashed with acid!
You barely miss the jelly.
The jelly is severely wounded.
The hound bites you. The hound bites you but does no damage.
The jelly barely misses you.
You hit the jelly.
Your hands burn!
You headbutt the jelly, but do no damage.
The jelly is almost dead.
The hound bites you but does no damage. The jelly hits you but does no damage.
The hound closely misses you. You furiously retaliate!
You headbutt the hound. You hit the jelly but do no damage.
The acid corrodes you!
Your hands burn!
You headbutt the jelly, but do no damage.
The jelly is almost dead.
The hound misses you. You furiously retaliate!
You headbutt the hound, but do no damage.
The jelly hits you.
* * * LOW HITPOINT WARNING * * *
The acid corrodes you!
You are splashed with acid!
* * * LOW HITPOINT WARNING * * *
Unknown command.
You barely miss the jelly.
You headbutt the jelly, but do no damage.
The jelly is almost dead.
The hound bites you.
* * * LOW HITPOINT WARNING * * *
You block the hound's attack. The jelly hits you.
* * * LOW HITPOINT WARNING * * *
You are splashed with acid!
You die...

.#.......#.## #..#.#.#
.#.###......# #.#.##.#
...###..##.[###......###
.....#........##.......####
...#.#......#.##..........##
...#..............#........#
.........##.#.##.##†>#.##..######
..######....#.##.##....##........
.## #......##@J..>..##.#######
..# ##.#######h##..#.##.# ..#
#...# #..........# #.# #...#
#.##.##.#### #.# #...#
#)##.##.#########
#.#####...######.##......#.....#
..#...........##.##..###.#.....#
.....................# #[......#
..#...........######.###.#.....#


You could see a hound and a jelly.

Vanquished Creatures
  Grinder (D:3)
  2 phantoms (D:3)
  A necrophage (D:4)
  2 hounds
  2 iguanas
  Ijyb (D:3)
  A hound skeleton (D:4)
  3 gnolls (D:2)
  An adder (D:3)
  4 dart slugs
  2 ribbon worms
  6 orcs
  3 ball pythons (D:1)
  4 bats
  6 endoplasms
  2 giant cockroaches
  3 hobgoblins
  7 jackals
  4 quokkas
  3 frilled lizards
  4 goblins
  12 kobolds
  8 rats
82 creatures vanquished.

Notes
Turn   | Place    | Note
-------+----------+-------------------------------------------
     0 | D:1      | Peloso the Minotaur Fighter began the quest for the Orb.
     0 | D:1      | Reached XP level 1. HP: 19/19 MP: 0/0
   171 | D:1      | Reached XP level 2. HP: 11/27 MP: 1/1
   389 | D:1      | Found a faded altar of an unknown god.
   468 | D:1      | Found Soapay's Distillery.
   588 | D:1      | Found Qatzaz's Armour Shoppe.
   599 | D:1      | Found Doiloast's Jewellery Shoppe.
   611 | D:1      | Found Jacow Cea's Distillery.
   869 | D:1      | Found Saxtom's Book Boutique.
  1167 | D:2      | Found a hide-covered altar of Uskayaw.
  1186 | D:2      | Reached XP level 3. HP: 33/33 MP: 2/2
  1237 | D:2      | Reached skill level 3 in Long Blades
  1384 | D:2      | Reached XP level 4. HP: 39/40 MP: 3/3
  1649 | D:3      | Noticed Ijyb
  1744 | D:3      | Killed Ijyb
  1850 | D:3      | Reached skill level 4 in Long Blades
  1850 | D:3      | Reached skill level 1 in Dodging
  1850 | D:3      | Reached XP level 5. HP: 33/46 MP: 4/4
  1905 | D:3      | Noticed Grinder
  1909 | D:3      | Paralysed by Grinder for 3 turns
  1913 | D:3      | Paralysed by Grinder for 5 turns
  1924 | D:3      | Killed Grinder
  1925 | D:3      | Reached skill level 5 in Long Blades
  1925 | D:3      | Reached skill level 5 in Armour
  1925 | D:3      | Reached XP level 6. HP: 26/53 MP: 5/5
  2425 | D:3      | Found a broken altar of Ashenzari.
  2640 | D:3      | Reached skill level 6 in Long Blades
  2659 | D:3      | Reached skill level 5 in Fighting
  2659 | D:3      | Reached XP level 7. HP: 41/61 MP: 6/6
  2771 | D:4      | You fall into a shaft and drop 1 floor!
  2771 | D:5      | Entered Level 5 of the Dungeon
  3326 | D:4      | Found a burning altar of Makhleb.
  3427 | D:1      | Bought a potion of mutation for 88 gold pieces
  3538 | D:4      | Splashed by a jelly's acid

Illustrated notes

Levels and vault maps discovered:
D:1:      lightli_arrival_quake, layout_basic, serial_shops, shop_statue,
          nicolae_shop_window_shopping, nicolae_shop_trees, shop,
          nicolae_shop_tiny_waterfront, chequers_ecumenical_altar_simple
D:2:      layout_basic, basic_altar, minmay_split_cup_large
D:3:      layout_loops_ring, nicolae_overflow_hidden_temple, minivault_25,
          nicolae_concentric_dashed_squares_wild, uniq_ijyb, uniq_grinder
D:4:      layout_loops_cross, makhleb_blood_cavern_becter
D:5:      cheibrodos_fzero, layout_basic, fedhas_altar_1

Skill      XL: |  1  2  3  4  5  6 |
---------------+-------------------+-----
Armour         | 4 5 |  5.6
Fighting       | 4 5 |  5.4
Shields        | 4 |  4.9
Long Blades    | 3 4 5 6 |  6.5
Dodging        | 1 2 |  2.3
Evocations     | |  0.1

Action                     |  1- 3 |  4- 6 |  7- 9 || total
---------------------------+-------+-------+-------++-------
  Melee: Long sword        |    74 |   104 |    54 ||   232
         Headbutt          |     7 |    18 |    13 ||    38
  Evoke: Wand              |       |     1 |       ||     1
    Use: Potion            |       |     1 |     5 ||     6
         Scroll            |       |       |     4 ||     4
 Armour: Scale mail        |    47 |    90 |    38 ||   175
  Dodge: Dodged            |    36 |    59 |    21 ||   116
  Block: Buckler           |    14 |    29 |    19 ||    62
